Map: Ruins of Seras

Players

Fartosis

  • Race: Zerg Zerg
  • League: Platinum

Erabeus

  • Race: Zerg Zerg
  • League: Platinum

Googleduck

  • Race: Protoss Protoss
  • League: Platinum

Ezra

  • Race: Protoss Protoss
  • League: Bronze

VOD

Have the link to the VOD?

Description

Time

  • Played on: Oct. 10, 2015, 2:05 p.m.
  • Length: 11:11
Show
View Real Time Build Order
Export as new Build Order

Fartosis Zerg 

Build Orders: Hatch First, Lurkers 

Get SALT Encoding   

  12  0:01  Drone  
  13  0:08  Drone  
  14  0:15  Drone, Extractor  
  15  0:39  Hatchery  
  14  0:44  Extractor  
  14  0:45  Drone  
  15  1:00  Spawning Pool  
  14  1:06  Drone, Extractor  
  14  1:10  Extractor  
  13  1:11  Drone  
  15  1:19  Overlord  
  15  1:39  Drone x2  
  17  1:42  Drone  
  18  1:47  Queen  
  20  1:56  Queen  
  23  2:01  Zergling x2  
  23  2:10  Zergling x2  
  23  2:14  Drone x2  
  26  2:28  Lair  
  26  2:31  Overlord  
  26  2:32  Drone  
  26  2:36  Drone  
  28  2:51  Drone x5  
  33  2:56  Overlord  
  32  3:13  Overlord  
  32  3:14  Drone x4  
  32  3:15  Drone  
  37  3:24  Zergling x2  
  37  3:25  Zergling x4  
  40  3:41  Hydralisk Den  
  38  3:46  Extractor  
  38  3:48  Extractor  
  36  3:50  Drone x4, Extractor  
  36  3:51  Drone x3  
  42  4:02  Lurker Den  
  42  4:07  Queen x2  
  42  4:08  Drone x2  
  42  4:09  Drone  
  49  4:35  Hydralisk  
  49  4:37  Overlord x2  
  51  4:55  Queen x2  
  55  5:00  Hydralisk x3  
  61  5:09  Nydus Network  
  60  5:15  Drone x4  
  64  5:28  Lurker  
  64  5:29  Lurker  
  64  5:34  Lurker x2  
  68  5:52  Nydus Canal  
  68  6:04  Overlord x4  
  68  6:10  Spine Crawler  
  67  6:12  Overseer  
  67  6:16  Overlord  
  67  6:20  Metabolic Boost  
  67  6:21  Queen x2  
  71  6:29  Hydralisk x6  
  82  6:44  Overseer  
  64  7:00  Drone  
  64  7:01  Drone x4  
  40  7:08  Lurker  
  41  7:16  Overseer  
  33  7:38  Zergling x2  
  33  7:39  Zergling x10  
  37  7:50  Queen  
  37  7:51  Zergling x8  
  37  8:13  Hydralisk Den  
  36  8:42  Zergling x6  
  36  8:47  Lurker Den  
  39  9:04  Zergling x8  
  39  9:07  Queen  
  33  9:43  Hatchery  
  32  9:52  Spore Crawler  
  30  9:58  Hydralisk x3  
  30  9:59  Hydralisk x2  
  40  10:03  Drone  
  41  10:08  Queen  
  43  10:31  Spore Crawler  
  42  10:37  Nydus Canal  
  42  10:38  Drone  
  43  10:43  Drone  
Show
View Real Time Build Order
Export as new Build Order

Erabeus Zerg 

Build Orders:  

Get SALT Encoding   

  12  0:01  Probe (Chrono Boost)  
  13  0:11  Probe (Chrono Boost)  
  14  0:18  Pylon  
  14  0:24  Probe (Chrono Boost)  
  15  0:36  Probe (Chrono Boost)  
  15  0:38  Gateway  
  16  0:47  Probe (Chrono Boost)  
  17  0:58  Probe (Chrono Boost)  
  18  1:08  Probe (Chrono Boost)  
  19  1:19  Nexus  
  19  1:20  Probe (Chrono Boost)  
  20  1:30  Cybernetics Core  
  20  1:36  Pylon  
  20  1:40  Probe (Chrono Boost)  
  20  1:46  Assimilator  
  21  1:50  Assimilator  
  21  1:53  Probe (Chrono Boost)  
  22  1:56  Zealot  
  24  2:04  Probe (Chrono Boost)  
  25  2:18  Probe (Chrono Boost)  
  25  2:19  Adept  
  28  2:30  Warp Gate  
  28  2:32  Pylon  
  28  2:33  Probe (Chrono Boost)  
  28  2:34  Probe (Chrono Boost)  
  30  2:43  Adept  
  30  2:44  Probe (Chrono Boost)  
  31  2:47  Probe (Chrono Boost)  
  34  3:08  Probe (Chrono Boost)  
  37  3:12  Robotics Facility  
  37  3:15  Mothership Core (Chrono Boost)  
  37  3:18  Probe (Chrono Boost)  
  38  3:21  Gateway  
  38  3:22  Gateway  
  38  3:30  Probe (Chrono Boost)  
  40  3:35  Probe (Chrono Boost)  
  40  3:40  Probe (Chrono Boost)  
  41  3:47  Probe (Chrono Boost)  
  42  3:50  Pylon  
  42  3:51  Probe (Chrono Boost)  
  42  3:52  Gateway x2  
  43  3:59  Probe (Chrono Boost)  
  43  4:00  Immortal  
  43  4:02  Probe (Chrono Boost)  
  50  4:11  Probe (Chrono Boost)  
  50  4:14  Probe (Chrono Boost)  
  51  4:23  Probe (Chrono Boost)  
  52  4:28  Probe (Chrono Boost)  
  53  4:34  Immortal  
  53  4:35  Probe (Chrono Boost)  
  55  4:38  Gateway  
  55  4:39  Gateway  
  55  4:41  Sentry  
  61  4:46  Pylon  
  61  4:49  Pylon  
  60  4:55  Sentry  
  62  5:08  Warp Prism  
  62  5:10  Adept  
  62  5:11  Adept x3  
  70  5:31  Pylon  
  70  5:33  Pylon  
  70  5:34  Adept x3  
  70  5:35  Adept, Pylon  
  78  5:40  Pylon  
  78  5:41  Pylon  
  78  5:46  Observer  
  78  5:49  Twilight Council  
  79  6:01  Adept  
  79  6:02  Adept x2  
  79  6:03  Stalker  
  80  6:28  Adept x4  
  80  6:30  Assimilator x2  
  86  6:40  Observer  
  86  6:43  Pylon  
  86  6:45  Pylon  
  73  7:16  Robotics Bay  
  73  7:19  Probe x2 (Chrono Boost)  
  73  7:27  Adept  
  73  7:28  Adept x3  
  72  7:55  Gateway  
  72  7:57  Gateway  
  69  7:58  Nexus, Stargate  
  69  7:59  Gateway  
  69  8:00  Nexus  
  69  8:06  Stalker  
  69  8:07  Stalker x3, Stargate  
  72  8:42  Pylon  
  72  8:46  Pylon, Phoenix  
  72  8:47  Phoenix  
  72  9:10  Cybernetics Core  
  72  9:12  Probe (Chrono Boost), Phoenix  
  72  9:13  Probe x2 (Chrono Boost)  
  61  9:33  Phoenix  
  59  9:40  Zealot x2  
  59  9:54  Phoenix  
  61  10:05  Probe (Chrono Boost)  
  61  10:06  Probe x2 (Chrono Boost), Assimilator  
  64  10:07  Assimilator  
  58  10:38  Adept x2  
  57  10:50  Assimilator  
  57  10:55  Assimilator  
Show
View Real Time Build Order
Export as new Build Order

Googleduck Protoss 

Build Orders:  

Get SALT Encoding   

Show
View Real Time Build Order
Export as new Build Order

Ezra Protoss 

Build Orders:  

Get SALT Encoding   

Tags
 
Add a new tag
Caveats
  • Supply blocks, unpowered buildings, or Contaminate may cause inaccurate times.
  • Supply counts are checked every 10 seconds.